 Dungeon Crawl Stone Soup version 0.32-a0-938-g40ac7a0f4d (webtiles) character file.

Game seed: 967672127783928294

77 KennySheep the Ducker (level 4, 0/24 HPs)
             Began as a Deep Elf Wanderer on Apr 15, 2024.
             Succumbed to a goblin's poison
             ... on level 3 of the Dungeon.
             The game lasted 00:05:48 (1973 turns).

KennySheep the Ducker (Deep Elf Wanderer)           Turns: 1973, Time: 00:05:49

Health: 0/24       AC:  4    Str: 11    XL:     4   Next: 13%
Magic:  10/10      EV: 13    Int: 15    God:
Gold:   99         SH:  0    Dex: 16    Spells: 5/9 levels left

rFire   . . .        a - +2 quarterstaff
rCold   . . .        (shield currently unavailable)
rNeg    . . .        e - +0 robe
rPois   .            (no helmet)
rElec   .            c - +0 cloak
rCorr   .            (no gloves)
SInv    .            j - +0 pair of boots
Will    +....        (no amulet)
Stlth   ++           (no ring)
HPRegen 0.24/turn    (no ring)
MPRegen 0.12/turn

%: no passive effects
@: mighty, lethally poisoned (0 -> -5), enlightened, flying
A: no striking features
a: no special abilities


You were on level 3 of the Dungeon.
You visited 1 branch of the dungeon, and saw 3 of its levels.

You collected 99 gold pieces.

Inventory:

Hand Weapons
 a - a +2 quarterstaff (weapon)
Armour
 c - a +0 cloak (worn)
 e - a +0 robe (worn)
 j - a +0 pair of boots (worn)
Jewellery
 i - a ring of protection from fire
Talismans
 b - a beast talisman
Scrolls
 k - a scroll of identify
 l - a scroll of fog
 n - a scroll of enchant weapon {unknown}
Potions
 d - 3 potions of lignification
 g - a potion of haste


   Skills:
 - Level 2.0 Staves
 - Level 1.0 Throwing
 + Level 4.6 Dodging
 + Level 2.7 Stealth
 + Level 3.2 Spellcasting
 * Level 0.0 Conjurations
 * Level 0.0 Translocations
 - Level 3.2 Shapeshifting


You had 5 spell levels left.
You knew the following spells:

 Your Spells              Type           Power      Damage    Failure   Level
a - Iskenderun's Mystic Conj/Tloc 2%             2d3        (+2d1     88%         4

Your spell library contained the following spells:

 Spells                   Type           Power      Damage    Failure   Level
 Call Imp                 Summ           4%         N/A       30%         2
 Cigotuvi's Dreadful Rot  Necr/Alch/Air  4%         N/A       30%         2
 Sublimation of Blood     Necr           2%         N/A       30%         2
 Tukima's Dance           Hex            2%         N/A       52%         3
 Dimensional Bullseye     Hex/Tloc       1%         N/A       88%         4
 Ignite Poison            Fire/Alch      2%         N/A       89%         4
 Freezing Cloud           Conj/Ice/Air   1%         6-21      99%         5
 Summon Hydra             Summ           1%         N/A       100%        7


Dungeon Overview and Level Annotations

Branches:
Dungeon (3/15)

Altars:
Qazlal


Message History

The orc completely misses you.
You barely miss the orc. The orc hits you with a +0 trident.
You barely miss the orc. The orc barely misses you.
Casting: Iskenderun's Mystic Blast (astonishingly dangerous; 89% risk of failure)
Confirm with . or Enter, or press ? or * to list all spells.
Okay, then.
You sock the orc!
You kill the orc!
The goblin hits you with a +0 dagger of venom.
You are poisoned.
You hit the goblin.
The goblin is severely wounded.
You feel very sick. The goblin hits you but does no damage.
You are lethally poisoned!
You hit the goblin.
You kill the goblin!
You feel very sick.
* * * LOW HITPOINT WARNING * * *
You feel very sick.
You see here a +0 dagger of venom.
It was a potion of might.
You feel very mighty all of a sudden.
* * * LOW HITPOINT WARNING * * *
You feel sick.
It was a potion of enlightenment.
You feel very buoyant.
You fly up into the air.
* * * LOW HITPOINT WARNING * * *
You feel sick.
Okay, then.
As you read the scroll labelled XEH BEGEBLEDIT, it crumbles to dust.
The air around you briefly surges with heat, but it dissipates.
It was a scroll of immolation.
* * * LOW HITPOINT WARNING * * *
You feel sick.
As you read the scroll labelled NUBENITZESS, it crumbles to dust.
It is a scroll of identify.
l - a scroll of fog You die...

#. #. #. ####. #....
##### ##.###
#.#######...# # #..#
#...........#.#####.##
...:...@...$..##....#
##.........#####.####
########'#####..#
#.##....##
####.##(..#####
..#..#..<....#
#.##.#.......#
#.##.#.......# #####
.#### #............#


There were no monsters in sight!

Vanquished Creatures
  A bombardier beetle (D:3)
  An adder (D:3)
  A dart slug (D:1)
  An orc (D:3)
  6 bats
  2 endoplasms
  4 giant cockroaches
  6 goblins
  3 hobgoblins
  3 quokkas (D:1)
  2 frilled lizards
  2 rats
32 creatures vanquished.

Notes
Turn   | Place    | Note
-------+----------+-------------------------------------------
     0 | D:1      | KennySheep the Deep Elf Wanderer began the quest for the
                  | Orb.
     0 | D:1      | KennySheep set off with the following items: a +2
                  | quarterstaff, a beast talisman, a +0 cloak, a potion of
                  | lignification, a +0 robe.
     0 | D:1      | Reached XP level 1. HP: 10/10 MP: 5/5
   168 | D:1      | Reached skill level 1 in Stealth
   196 | D:1      | Reached XP level 2. HP: 9/15 MP: 7/7
   359 | D:1      | Reached skill level 4 in Dodging
  1062 | D:2      | Found a stormy altar of Qazlal.
  1166 | D:2      | Reached XP level 3. HP: 19/19 MP: 8/8
  1809 | D:3      | Reached XP level 4. HP: 19/24 MP: 10/10
  1903 | D:3      | Learned a level 4 spell: Iskenderun's Mystic Blast
  1972 | D:3      | HP: 1/24 [poisoned by a goblin]
  1973 | D:3      | Succumbed to a goblin's poison

Illustrated notes

Levels and vault maps discovered:
D:1:      lightli_arrival_lavapool, layout_basic, hex_medium, minivault_19
D:2:      layout_loops_cross, basic_altar
D:3:      layout_basic, shapermc_ecumenical_altar_petra,
          dreamdust_princess_bridge

Skill      XL: |  1  2  3 |
---------------+----------+-----
Stealth        | 1 2 |  2.7
Spellcasting   | 2 3 |  3.2
Dodging        | 4 |  4.6
Staves         | |  2.0
Throwing       | |  1.0
Shapeshifting  | |  3.2

Action                     |  1- 3 |  4- 6 || total
---------------------------+-------+-------++-------
  Melee: Quarterstaff      |    85 |     5 ||    90
    Use: Potion            |     2 |     2 ||     4
         Scroll            |       |     2 ||     2
   Stab: Sleeping          |     5 |       ||     5
         Distracted        |     1 |       ||     1
 Armour: Robe              |    57 |     3 ||    60
  Dodge: Dodged            |    72 |     2 ||    74

Table legend: (Time is in decaauts)
 A = Elapsed time spent in this place.
 B = Non-inter-level travel time spent in this place.
 C = Inter-level travel time spent in this place.
 D = Time resting spent in this place.
 E = Time spent auto-exploring this place.
 F = Levels seen in this place.
 G = Mean time per level.
                   A        B        C        D        E       F      G
               +--------+--------+--------+--------+--------+-----+--------+
         Total |   1971 |   1887 |     84 |    117 |   1466 |   3 |  657.0 |
       Dungeon |   1971 |   1887 |     84 |    117 |   1466 |   3 |  657.0 |
               +--------+--------+--------+--------+--------+-----+--------+

Top non-repeatable levels by time:
     D:1: 1062 daAuts
     D:2: 621 daAuts
     D:3: 287 daAuts
